 Dungeon Crawl Stone Soup version 0.22-a0-305-gd21a89c (webtiles) character file.

61 xccam the Ruffian (level 3, -3/29 HPs)
             Began as a Mummy Monk on Mar 29, 2018.
             Slain by an ogre
             ... wielding a +0 giant spiked club
              (16 damage)
             ... on level 2 of the Dungeon.
             The game lasted 00:06:23 (1617 turns).

xccam the Ruffian (Mummy Monk)                      Turns: 1617, Time: 00:06:24

Health: -3/29      AC:  3    Str: 15    XL:     3   Next: 83%
Magic:  3/3        EV: 13    Int:  9    God:
Gold:   75         SH:  0    Dex: 14    Spells: 2/2 levels left

rFire    x . .     SeeInvis .     - Unarmed
rCold    + . .     Gourm    .   (no shield)
rNeg     + + +     Faith    .   i - +0 robe (curse)
rPois    ∞         Spirit   .   (no helmet)
rElec    .         Reflect  .   (no cloak)
rCorr    .         Harm     .   d - +0 pair of gloves
MR       .....                  (no boots)
Stlth    ++........             (no amulet)
HPRegen  0.09/turn              (no ring)
MPRegen  0.08/turn              (no ring)

@: no status effects
A: no food or potions, fire vulnerability, cold resistance 1, negative energy
resistance 3, torment resistance, unbreathing
a: no special abilities


You were on level 2 of the Dungeon.
You were not hungry.

You visited 1 branch of the dungeon, and saw 2 of its levels.

You collected 75 gold pieces.

Inventory:

Armour
 d - a +0 pair of gloves (worn)
 i - a cursed +0 robe (worn)
Jewellery
 g - an uncursed ring of ice
Scrolls
 b - a scroll of identify
 c - 3 scrolls of remove curse
 e - a scroll of fear {unknown}
 f - 2 scrolls of teleportation {unknown}
 h - a scroll of enchant armour {unknown}


   Skills:
 - Level 3.0 Fighting
 + Level 3.0 Dodging
 - Level 2.0 Stealth
 + Level 3.2 Unarmed Combat


You had 2 spell levels left.
You didn't know any spells.

Dungeon Overview and Level Annotations

Branches:
Dungeon (2/15)

Altars:
Cheibriados
Uskayaw


Innate Abilities, Weirdness & Mutations

You do not eat or drink.
Your flesh is vulnerable to fire.
You are immune to poison.
Your flesh is cold resistant. (rC+)
You are immune to negative energy. (rN+++)
You are immune to unholy pain and torment.
You can survive without breathing.


Message History

There is an open door here.
There is an open door here.
You see here a dagger.
Found a leather armour.
The ogre is too close now for your liking.
The helpless ogre fails to defend itself.
You hit the ogre.
The ogre is lightly wounded.
The ogre hits you with a giant spiked club!
Ouch! That really hurt!
You hit the ogre.
The ogre is moderately wounded.
You hit the ogre.
The ogre is heavily wounded.
The ogre closely misses you.
You hit the ogre.
The ogre is severely wounded.
The ogre hits you with a giant spiked club!
Ouch! That really hurt!
You die...

#.#...# ..# ##.# #...#.# .## #.##
###(..# b..# #.# ##.## # .# #!#
####.############.## ##
#........<.........
#.##.......##..# .# ####
#.##.....#.....##.# #...
#.##.##..#.#....@O# ##########.##
#.##.##...###..#### #.......##.##
#........#.#...####.#.......#....
.###.)..>...........#..((...#..##
.# #######...########..........##
.# #...# #.......##... .####
#...##### #.[.....##### ....#
#...#...# ##.......#####
.##.######...#...###........#....


You could see an ogre.

Vanquished Creatures
  An adder (D:2)
  An ooze (D:2)
  2 worms (D:2)
  A dart slug (D:1)
  3 giant cockroaches
  6 goblins
  7 hobgoblins
  4 jackals (D:1)
  A kobold (D:1)
  4 bats
  3 frilled lizards (D:1)
  3 rats
36 creatures vanquished.

Notes
Turn   | Place    | Note
-------+----------+-------------------------------------------
     0 | D:1      | xccam the Mummy Monk began the quest for the Orb.
     0 | D:1      | Reached XP level 1. HP: 18/18 MP: 1/1
   180 | D:1      | Reached XP level 2. HP: 24/24 MP: 2/2
   760 | D:2      | Reached XP level 3. HP: 26/29 MP: 3/3
  1207 | D:2      | Noticed an ogre
  1562 | D:2      | Found a hide-covered altar of Uskayaw.
  1562 | D:2      | Found a snail-covered altar of Cheibriados.
  1617 | D:2      | Slain by an ogre

Vault maps used:
D:1:      lightli_molten_gateway, minmay_ruptured
D:2:      gammafunk_temple_overflow_elements

Skill      XL: |  1  2  3 |
---------------+----------+-----
Stealth        | 2 |  2.0
Unarmed Combat | 3 |  3.2
Dodging        | 3 |  3.0
Fighting       | |  3.0

Action                   || total
-------------------------++-------
Melee: Unarmed           ||   137
       Punch             ||     2
  Use: Scroll            ||     1
 Stab: Sleeping          ||     5
Armor: Robe              ||    33
Dodge: Dodged            ||    94

Table legend:
 A = Spawn XP
 B = Non-spawn XP
 C = Spawn XP percentage of total XP
 D = Spawn monster count
 E = Non-spawn monster count
 F = Spawn count percentage of total count
 G = Total turns spent on level
                    A         B        C        D         E        F      G
               +---------+---------+-------+---------+---------+-------+---------
         Total |       0 |      88 |   0.0 |       0 |      36 |   0.0 |  1617
               +---------+---------+-------+---------+---------+-------+---------
           D:1 |       0 |      40 |   0.0 |       0 |      22 |   0.0 |   756
           D:2 |       0 |      48 |   0.0 |       0 |      14 |   0.0 |   861
               +---------+---------+-------+---------+---------+-------+---------
